 Dungeon Crawl Stone Soup version 0.31-a0-431-g88bdf31460 (webtiles) character file.

Game seed: 13659919933642252852

1224 Zonian the Ruffian (level 8, -2/54 HPs)
             Began as an Octopode Shapeshifter on Aug 1, 2023.
             Slain by an ice beast (6 damage)
             ... in the Ecumenical Temple.
             The game lasted 00:09:19 (5646 turns).

Zonian the Ruffian (Octopode Shapeshifter)          Turns: 5646, Time: 00:09:20

Health: -2/54      AC:  1    Str: 16    XL:     8   Next: 47%
Magic:  8/8        EV: 14    Int: 11    God:
Gold:   59         SH:  0    Dex: 12    Spells: 7/7 levels left

rFire   + .          .
                       - Unarmed
rCold   + . .        (no shield)
rNeg    . . .        (helmet currently unavailable)
rPois   +            (no amulet)
rElec   +            p - +4 ring of slaying
rCorr   +            (no ring)
SInv    .            (no ring)
Will    .....        (no ring)
Stlth   ++           (no ring)
HPRegen 0.29/turn    (no ring)
MPRegen 0.11/turn    (no ring)
                     (no ring)

%: no passive effects
@: beast-form, resistant
A: beast (slay +3), almost no armour, amphibious, 8 rings, camouflage 1,
gelatinous body 1, (nimble swimmer 1), tentacles
a: Begin Untransformation


You were in the Ecumenical Temple.
You were a hulking beast.
You visited 2 branches of the dungeon, and saw 7 of its levels.

You collected 307 gold pieces.
You spent 248 gold pieces at shops.

Inventory:

Missiles
 c - 2 throwing nets
Jewellery
 p - a +4 ring of slaying (left tentacle)
Talismans
 b - a beast talisman (active)
 j - a talisman of death
Wands
 h - a wand of polymorph (3)
 o - a wand of roots (9)
 s - a wand of light (12)
 y - a wand of flame (17)
Scrolls
 d - a scroll of enchant armour
 e - 2 scrolls of vulnerability
 f - 2 scrolls of teleportation
 g - a scroll of noise
 q - a scroll of revelation
 t - a scroll of brand weapon {unknown}
 v - a scroll of enchant weapon
 w - a scroll of fear {unknown}
Potions
 a - 2 potions of lignification
 k - 4 potions of curing
 l - 2 potions of might
 m - a potion of degeneration
 n - a potion of enlightenment {unknown}
 r - a potion of ambrosia {unknown}
 u - a potion of haste
 x - a potion of heal wounds {unknown}


   Skills:
 + Level 4.8 Fighting
 + Level 5.3 Dodging
 + Level 5.7 Unarmed Combat
 + Level 5.1 Shapeshifting


You had 7 spell levels left.
You didn't know any spells.
Your spell library contained the following spells:

 Spells                   Type           Power      Damage    Failure   Level
 Sublimation of Blood     Necr           0%         N/A       47%         2
 Wereblood                Tmut           0%         N/A       47%         2
 Summon Hydra             Summ           0%         N/A       100%        7


Dungeon Overview and Level Annotations

Branches:
Dungeon (6/15)             Temple (1/1) D:6

Altars:
Ashenzari
Cheibriados
Elyvilon
Fedhas
Gozag
Hepliaklqana
Kikubaaqudgha
Nemelex Xobeh
Qazlal
Ru
Sif Muna
Trog
Uskayaw
Wu Jian
Xom
Zin
The Shining One

Shops:
D:5 [![**


Innate Abilities, Weirdness & Mutations

You are a hulking beast.
Your limbs bulge with bestial killing power. (Slay +3)
You cannot wear most types of armour.
You are amphibious.
You can wear up to eight rings at the same time.
Your skin changes colour to match your surroundings (Stealth+).
Your rubbery body absorbs attacks. (AC +1, EV +1)
((You are camouflaged when in or above water. (Stealth+)))
You have tentacles for arms and can constrict up to eight enemies at once.


Message History

The gnoll barely misses you. The gnoll hits you with a +0 spear!
You closely miss the gnoll. You grab the gnoll. You squeeze the gnoll!
The gnoll is heavily wounded.
You constrict the gnoll. The gnoll misses you.
The gnoll hits you with a +0 spear.
You tentacle-slap the gnoll but do no damage.
The gnoll is severely wounded.
You constrict the gnoll. The gnoll hits you with a +0 spear! x2
You are too injured to fight recklessly!
You are too injured to fight recklessly!
You are too injured to fight recklessly!
Unknown command.
Okay, then.
Okay, then.
You release your grip on the gnoll.
The gnoll attacks as you move away! The gnoll misses you.
The gnoll attacks as you move away! The gnoll closely misses you.
The ice beast attacks as you move away! The ice beast barely misses you.
The gnoll hits you from afar with a +0 spear. x2
* * * LOW HITPOINT WARNING * * *
There is a staircase to the Ecumenical Temple, spattered with blood here.
The ice beast hits you.
* * * LOW HITPOINT WARNING * * *
The ice beast freezes you.
* * * LOW HITPOINT WARNING * * *
The gnoll hits you from afar with a +0 spear.
* * * LOW HITPOINT WARNING * * *
The gnoll closely misses you.
You climb downwards.
Welcome back to the Ecumenical Temple!
There is a staircase back to the Dungeon here.
You feel better. The ice beast hits you.
* * * LOW HITPOINT WARNING * * *
The ice beast freezes you!
* * * LOW HITPOINT WARNING * * *
You feel better. The ice beast closely misses you.
You feel protected. The ice beast hits you.
* * * LOW HITPOINT WARNING * * *
The ice beast freezes you. You resist.
You die...

#.._.......8......._
#...................
#......8......._....
#.................##
#.._......._.....##
#.............####
#......_.....##
#.Y.......####
#..h.....##
#.).[.#### ##...##
#####


You could see an ice beast.

Vanquished Creatures
  6 black bears
  An ogre (D:5)
  A phantom (D:6)
  A scorpion (D:4)
  A jelly (D:6)
  2 sleepcaps (D:6)
  An orc priest (D:3)
  2 gnoll boudas
  Jessica (D:2)
  2 orc wizards (D:4)
  2 iguanas (D:5)
  5 gnolls
  2 adders
  A shadow imp (D:6)
  A white imp (D:6)
  A worm (D:4)
  A dart slug (D:3)
  8 orcs
  2 ball pythons (D:1)
  7 bats
  4 endoplasms
  5 giant cockroaches
  6 goblins
  5 hobgoblins
  4 jackals (D:5)
  5 quokkas
  4 frilled lizards
  6 kobolds
  5 rats
92 creatures vanquished.

Notes
Turn   | Place    | Note
-------+----------+-------------------------------------------
     0 | D:1      | Zonian the Octopode Shapeshifter began the quest for the
                  | Orb.
     0 | D:1      | Reached XP level 1. HP: 13/13 MP: 1/1
   118 | D:1      | Reached XP level 2. HP: 18/18 MP: 2/2
   584 | D:2      | Reached XP level 3. HP: 20/23 MP: 3/3
  1078 | D:2      | Noticed Jessica
  1082 | D:2      | Killed Jessica
  1083 | D:2      | Reached XP level 4. HP: 25/29 MP: 4/4
  1512 | D:3      | Found a shimmering altar of Xom.
  1704 | D:3      | Reached XP level 5. HP: 11/34 MP: 5/5
  2837 | D:4      | Noticed a black bear
  3085 | D:4      | Reached XP level 6. HP: 18/41 MP: 3/6
  3087 | D:4      | Identified the +1 mace of the Growing Puffin {heavy, rPois
                  | rN+ Dex-5}
  3211 | D:4      | Killed a black bear
  3450 | D:5      | Entered Level 5 of the Dungeon
  3450 | D:5      | Noticed a black bear
  3458 | D:5      | Killed a black bear
  3459 | D:5      | Reached XP level 7. HP: 39/46 MP: 7/7
  3524 | D:5      | Found Laijyocw's General Store.
  3530 | D:5      | Found Dimu's General Store.
  3532 | D:5      | Bought a potion of might for 40 gold pieces
  3600 | D:5      | Found a sparkling altar of Nemelex Xobeh.
  3667 | D:5      | Reached skill level 5 in Unarmed Combat
  3828 | D:5      | Found Cedd's Armour Boutique.
  3843 | D:5      | Found a glowing silver altar of Zin.
  3843 | D:5      | Found a white marble altar of Elyvilon.
  3845 | D:5      | Found a glowing golden altar of the Shining One.
  3876 | D:5      | Found Ekesacoe's Distillery.
  3881 | D:5      | Bought a potion of haste for 130 gold pieces
  3881 | D:5      | Bought a potion of curing for 39 gold pieces
  3881 | D:5      | Bought a potion of curing for 39 gold pieces
  3968 | D:5      | Found Yrus's Antique Armour Shoppe.
  4011 | D:5      | Reached XP level 8. HP: 54/54 MP: 8/8
  4359 | D:6      | Reached skill level 5 in Dodging
  4673 | D:6      | Found a broken altar of Ashenzari.
  4681 | D:6      | Reached skill level 5 in Shapeshifting
  4919 | D:6      | Found a staircase to the Ecumenical Temple.
  5126 | Temple   | Entered the Ecumenical Temple
  5642 | D:6      | HP: 1/54 [gnoll/+0 spear[a gnoll bouda] (6)]
  5646 | Temple   | Slain by an ice beast

Illustrated notes

Levels and vault maps discovered:
D:1:      saegor_arrival_simple_b, layout_rooms, chequers_serial_rivers_marsh
D:2:      layout_basic, minmay_distorted, uniq_jessica
D:3:      layout_loops_ring, mainiacjoe_overflow_surrounded_room,
          reono_crystal_passage
D:4:      layout_loops_ring
D:5:      layout_basic, dreamdust_divine_triumvirate, marbit_many_paths,
          serial_shops, nicolae_shop_trees, nicolae_shop_crystal, shop, shop,
          shop
D:6:      layout_loops_ring, mainiacjoe_overflow_tiny_flanked,
          grunt_dithmenos_smoke_and_mirrors, minmay_temple_entry_wispy
Temple:   nicolae_temple_ecumenical_triangle

Skill      XL: |  1  2  3  4  5  6  7  8 |
---------------+-------------------------+-----
Fighting       | 2 3 4 |  4.8
Dodging        | 3 4 5 |  5.3
Unarmed Combat | 4 5 |  5.7
Shapeshifting  | 4 5 |  5.1

Action                     |  1- 3 |  4- 6 |  7- 9 || total
---------------------------+-------+-------+-------++-------
  Melee: Unarmed           |    50 |    66 |    60 ||   176
         Tentacles         |     7 |    12 |    20 ||    39
         Constrict         |    13 |    15 |    18 ||    46
         Punch             |     1 |     4 |     2 ||     7
    Use: Scroll            |       |    11 |     1 ||    12
         Potion            |       |       |     3 ||     3
   Stab: Sleeping          |     5 |     5 |     3 ||    13
 Armour: Skin              |     4 |     7 |     1 ||    12
  Dodge: Dodged            |    29 |    26 |    34 ||    89

Table legend: (Time is in decaauts)
 A = Elapsed time spent in this place.
 B = Non-inter-level travel time spent in this place.
 C = Inter-level travel time spent in this place.
 D = Time resting spent in this place.
 E = Time spent auto-exploring this place.
 F = Levels seen in this place.
 G = Mean time per level.
                   A        B        C        D        E       F      G
               +--------+--------+--------+--------+--------+-----+--------+
         Total |   5634 |   5496 |    138 |   1333 |   3179 |   7 |  804.9 |
       Dungeon |   5163 |   5025 |    138 |    950 |   3179 |   6 |  860.5 |
        Temple |    470 |    470 |      0 |    383 |      0 |   1 |  470.0 |
               +--------+--------+--------+--------+--------+-----+--------+

Top non-repeatable levels by time:
     D:2: 979 daAuts
     D:3: 978 daAuts
     D:4: 965 daAuts
     D:5: 862 daAuts
     D:6: 858 daAuts
     D:1: 519 daAuts
  Temple: 470 daAuts
